 Dungeon Crawl Stone Soup version 0.23-a0-435-g79ed067 (webtiles) character file.

147 sl00ts the Insei (level 5, -4/35 HPs)
             Began as an Octopode Transmuter on Nov 15, 2018.
             Slain by a gnoll
             ... wielding a +0 whip
              (12 damage)
             ... on level 3 of the Dungeon.
             The game lasted 00:04:38 (1930 turns).

sl00ts the Insei (Octopode Transmuter)              Turns: 1930, Time: 00:04:38

Health: -4/35      AC:  1    Str: 10    XL:     5   Next: 29%
Magic:  9/9        EV: 13    Int: 15    God:
Gold:   89         SH:  0    Dex: 13    Spells: 5/9 levels left

rFire    . . .     SeeInvis .   f - +2 dagger (venom)
rCold    . . .     Gourm    .   (no shield)
rNeg     . . .     Faith    .   (helmet restricted)
rPois    .         Spirit   .   (no amulet)
rElec    .         Reflect  .   (no ring)
rCorr    .         Harm     .   (no ring)
MR       .....                  (no ring)
Stlth    +++.......             (no ring)
HPRegen  0.11/turn              (no ring)
MPRegen  0.11/turn              (no ring)
                                (no ring)
                                (no ring)

@: appendage (expiring)
A: almost no armour, stealthy swim, amphibious, 8 rings, constrict 8, tentacle
spike 3, camouflage 1, gelatinous body 1
a: End Transformation


You were on level 3 of the Dungeon.
You were hungry.
One of your tentacles had a temporary spike.
You visited 1 branch of the dungeon, and saw 3 of its levels.

You collected 89 gold pieces.

Inventory:

Hand Weapons
 f - a +2 dagger of venom (weapon)
Missiles
 a - 12 arrows
Wands
 k - a wand of flame (12)
Scrolls
 b - 2 scrolls of enchant armour {unknown}
 d - a scroll of teleportation
 g - a scroll of blinking {unknown}
 h - a scroll of magic mapping {unknown}
 i - a scroll of enchant weapon {unknown}
 m - a scroll of fear {unknown}
 n - 2 scrolls of identify
Potions
 e - a potion of mutation {unknown}
 j - a potion of degeneration {unknown}
 l - a potion of invisibility {unknown}
Comestibles
 c - 8 rations


   Skills:
 * Level 2.7 Fighting
 - Level 2.0 Dodging
 + Level 1.5 Stealth
 - Level 3.5 Unarmed Combat
 * Level 2.9 Spellcasting
 + Level 3.0 Transmutations


You had 5 spell levels left.
You knew the following spells:

 Your Spells              Type           Power        Failure   Level  Hunger
a - Beastly Appendage     Tmut           ##....       6%          1    #......
b - Spider Form           Tmut/Pois      #.........   32%         3    ###....

Your spell library contained the following spells:

 Spells                   Type           Power        Failure   Level  Hunger
 Sticks to Snakes         Tmut           ##......     9%          2    ##.....
 Ice Form                 Ice/Tmut       #.......     71%         4    #####..
 Blade Hands              Tmut           ##........   85%         5    ######.


Dungeon Overview and Level Annotations

Branches:
Dungeon (3/15)

Altars:
Fedhas


Innate Abilities, Weirdness & Mutations

You cannot wear most types of armour.
You are very stealthy in the water. (Stealth+)
You are amphibious.
You can wear up to eight rings at the same time.
You can use your tentacles to constrict eight enemies at once.
Your skin changes colour to match your surroundings (Stealth+).
Your rubbery body absorbs attacks. (AC +1, EV +1)
One of your tentacles bears a large vicious spike.


Message History

Your transformation is almost over.
The gnoll barely misses you.
You hit the gnoll.
The gnoll looks as sick as possible!
Your grab misses the gnoll.
Your tentacle spike misses the gnoll.
Your squeeze misses the gnoll.
The gnoll is almost dead.
You kill the gnoll!
You closely miss the gnoll. Your grab misses the gnoll.
The gnoll hits you but does no damage.
You closely miss the gnoll. You grab the gnoll.
You pierce the gnoll.
The gnoll is lightly wounded.
You constrict the gnoll, but do no damage.
The gnoll hits you with a +0 whip!
* * * LOW HITPOINT WARNING * * *
You hit the gnoll but do no damage.
The gnoll is poisoned.
You pierce the gnoll.
The gnoll is moderately wounded.
You constrict the gnoll, but do no damage.
The gnoll hits you with a +0 whip!
You die...

########.....#..PPP.###
#.###........# #.#
#........#
###'###........# #
#.....#........# #.
#.....#........# +..
#..)...........#
..##..###....#####+###
......g@.........
####..########### ....
#.## #


You could see a gnoll.

Vanquished Creatures
  Jessica (D:2)
  3 gnolls (D:3)
  2 adders (D:2)
  2 oozes
  2 dart slugs (D:1)
  A leopard gecko (D:1)
  A giant cockroach (D:2)
  7 goblins
  6 hobgoblins
  3 jackals (D:1)
  A quokka (D:2)
  3 ball pythons
  7 bats
  5 frilled lizards
  14 kobolds
  12 rats
70 creatures vanquished.

Notes
Turn   | Place    | Note
-------+----------+-------------------------------------------
     0 | D:1      | sl00ts the Octopode Transmuter began the quest for the Orb.
     0 | D:1      | Reached XP level 1. HP: 13/13 MP: 3/3
   101 | D:1      | Reached XP level 2. HP: 18/18 MP: 3/5
   272 | D:1      | Reached XP level 3. HP: 19/23 MP: 4/6
   329 | D:1      | Learned a level 3 spell: Spider Form
   932 | D:2      | Noticed Jessica
   937 | D:2      | Killed Jessica
   937 | D:2      | Reached XP level 4. HP: 11/29 MP: 5/7
  1142 | D:2      | Reached skill level 1 in Stealth
  1880 | D:3      | Reached XP level 5. HP: 27/35 MP: 9/9
  1882 | D:3      | Found a blossoming altar of Fedhas.
  1930 | D:3      | Slain by a gnoll

Vault maps used:
D:1:      minmay_arrival_solitary_statue
D:2:      kennysheep_six_static_rooms, uniq_jessica
D:3:      first_ration, fedhas_altar_3

Skill      XL: |  1  2  3  4  5 |
---------------+----------------+-----
Fighting       | 2 |  2.7
Stealth        | 1 |  1.5
Transmutations | 3 |  3.0
Dodging        | |  2.0
Unarmed Combat | |  3.5
Spellcasting   | |  2.9

Action                   |  1- 3 |  4- 6 || total
-------------------------+-------+-------++-------
Melee: Unarmed           |    46 |       ||    46
       Constrict         |    20 |    17 ||    37
       Kick              |    12 |     8 ||    20
       Tentacles         |    12 |     7 ||    19
       Dagger            |    22 |    54 ||    76
 Cast: Beastly Appendage |    16 |     7 ||    23
  Use: Scroll            |     2 |       ||     2
 Stab: Sleeping          |     8 |     8 ||    16
       Distracted        |       |     1 ||     1
  Eat: Chunk             |       |     3 ||     3
Armor: Skin              |     7 |     1 ||     8
Dodge: Dodged            |    47 |    25 ||    72

Table legend:
 A = Non-vault XP
 B = Vault XP
 C = Vault XP percentage of total XP
 D = Non-vault monster count
 E = Vault monster count
 F = Vault count percentage of total count
                 A         B        C        D         E       F
            +---------+---------+-------+---------+---------+-------
      Total |     164 |      46 |  21.9 |      63 |       7 |  10.0
            +---------+---------+-------+---------+---------+-------
        D:1 |      56 |       0 |   0.0 |      32 |       0 |   0.0
        D:2 |      59 |      46 |  43.8 |      22 |       7 |  24.1
        D:3 |      49 |       0 |   0.0 |       9 |       0 |   0.0
            +---------+---------+-------+---------+---------+-------
